 Dungeon Crawl Stone Soup version 0.17-a0-1550-g78a4890 (webtiles) character file.

17419 Promi the Archer (level 12, -8/100 HPs)
             Began as a Centaur Hunter on July 19, 2015.
             Was a High Priest of Okawaru.
             Shot with a poisoned arrow by Nessos (19 damage)
             ... on level 12 of the Dungeon.
             The game lasted 02:19:52 (20909 turns).

Promi the Archer (Centaur Hunter)                  Turns: 20909, Time: 02:20:15

Health: -8/100     AC: 18    Str: 16    XL:     12   Next: 18%
Magic:  12/12      EV: 11    Int: 10    God:    Okawaru [*****.]
Gold:   1216       SH:  0    Dex: 14    Spells: 0 memorised, 11 levels left

rFire  + . .     SeeInvis .     c - +2 great sword (flame)
rCold  + . .     Clarity  +     d - +3 leather armour
rNeg   . . .     SustAt   .     (no shield)
rPois  .         Gourm    .     f - +2 helmet
rElec  .         Spirit   .     o - +1 cloak
rCorr  .         Warding  .     (no gloves)
rMut   .         Stasis   .     S - +2 centaur barding {rC+}
MR     .....                    W - amulet of clarity
Stlth  +.........               q - ring of fire
                                h - ring of protection from cold

@: very quick, not resistant to hostile enchantments, very unstealthy
A: hooves 3, deformed body, speed 2, tough skin 3
a: Heroism, Finesse, Renounce Religion


You were on level 12 of the Dungeon.
You worshipped Okawaru.
Okawaru was extremely pleased with you.
You were not hungry.

You visited 3 branches of the dungeon, and saw 17 of its levels.
You visited the Abyss 1 time.

You collected 1216 gold pieces.

Inventory:

Hand weapons
 a - a +4 shortbow of freezing
 c - a +2 great sword of flaming (weapon)
Missiles
 b - 169 arrows (quivered)
 u - 14 arrows of flame
 D - 10 arrows of dispersal
 G - 19 arrows of frost
 H - 29 poisoned arrows
Armour
 d - a +3 leather armour (worn)
 f - a +2 helmet (worn)
 o - a +1 cloak (worn)
 I - a +1 leather armour of poison resistance
 S - a +2 centaur barding of cold resistance (worn)
Jewellery
 h - a ring of protection from cold (left hand)
 k - an uncursed ring of invisibility
 m - an uncursed amulet of guardian spirit
 q - a ring of fire (right hand)
 L - an uncursed amulet of warding
 W - an amulet of clarity (around neck)
Magical devices
 r - a wand of teleportation (1)
Scrolls
 i - a scroll of identify
 l - 2 scrolls of teleportation
 v - a scroll of fog
 w - 2 scrolls of magic mapping
 A - 3 scrolls of remove curse
 V - a scroll of recharging
Potions
 n - 6 potions of flight
 s - a potion of ambrosia {unknown}
 z - a potion of haste
 C - 4 potions of brilliance
 K - a potion of cure mutation {unknown}
 M - a potion of resistance {unknown}
 Q - a potion of might
Books
 p - a book of Air

   Spells                             Type                      Level
   a - Shock                          Conjuration/Air              1
   b - Swiftness                      Charms/Air                   2
   c - Repel Missiles                 Charms/Air                   2
   d - Static Discharge               Conjuration/Air              3
   e - Lightning Bolt                 Conjuration/Air              5
 R - a book of Beasts

   Spells                             Type                      Level
   a - Summon Butterflies             Summoning                    1
   b - Call Canine Familiar           Summoning                    3
   c - Summon Ice Beast               Ice/Summoning                4
   d - Summon Mana Viper              Hexes/Summoning              5
   e - Summon Hydra                   Summoning                    7
Comestibles
 e - 3 bread rations
 g - a meat ration
 t - 3 slices of pizza
 x - a beef jerky
 N - 2 royal jellies


   Skills:
 + Level 7.0 Fighting
 * Level 11.3 Long Blades
 - Level 14.5 Bows
 + Level 7.4 Dodging
 - Level 0.5 Stealth


You had 11 spell levels left.
You didn't know any spells.

Dungeon Overview and Level Annotations

Branches:
Dungeon (13/15)            Temple (1/1) D:4             Orc (3/4) D:12
    Elf (0/3) Orc:3
   Lair: D:8-11      Vaults: D:13-14

Altars:
Ashenzari
Cheibriados
Dithmenos
Elyvilon
Fedhas
Gozag
Kikubaaqudgha
Makhleb
Nemelex Xobeh
Okawaru
Qazlal
Ru
Sif Muna
Trog
Vehumet
Xom
Yredelemnul
Zin
The Shining One
Beogh

Shops:
D:12 (

Annotations:
D:8 Nattefrost's ghost, experienced CeGl
D:9 Psyche
D:12 Nessos
Orc:1 ikki's ghost, powerful MiBe
Orc:3 Donald


Innate Abilities, Weirdness & Mutations

You have hooves in place of feet.
Armour fits poorly on your strangely shaped body.
You cover ground very quickly.
You have extremely tough skin (AC +3).


Message History

The poisoned arrow burns you.
You are poisoned.
You feel sick.
Nessos shoots a poisoned arrow.
The poisoned arrow hits you! The poisoned arrow burns you.
You are more poisoned.
You feel sick.
Nessos shoots a poisoned arrow.
The poisoned arrow hits you!!
* * * LOW HITPOINT WARNING * * *
The poisoned arrow burns you.
* * * LOW HITPOINT WARNING * * *
You are more poisoned.
You hear a shout! x2
Drink which item? (? for menu, Esc to quit)
You feel better.
Your surroundings seem slightly different.
A brown ugly thing comes into view.
The brown ugly thing gurgles horribly!
A cyclops comes into view.
The cyclops shouts!
Nessos shoots a poisoned arrow.
The poisoned arrow hits you!!
You die...

*...* #.#### ##.#
###'##### #####'#######
#(#
#.......####...........#
###)##
#.......'.##...........#
#.....
#.......#ยง##...........#
#.....
'.......#..'c......C...#
#.....
#.......####..)........#
#..... #.......#
#..>........# #.....
#.......#
#....@......#####...>.
#...>...#
#...........'.........
#.......#
#...........#####.....
####'#### #...........#
#..... ##.# #####'#######
######. #..# #..# #......
##.## ####'#######
###'##### #..#
#...u......# #...).#..
##'####
#..........###.###.#.#


You could see Nessos, a brown ugly thing and a cyclops.

Vanquished Creatures
  Maud (D:11)
  Josephine (D:12)
  Urug (Orc:2)
  2 hill giants
  An orc sorcerer (Orc:3)
  Maurice (D:7)
  A gargoyle (D:10)
  2 trolls
  3 two-headed ogres
  5 slime creatures
  2 wraiths (D:12)
  A deep elf mage (D:12)
  9 yaks
  2 hippogriffs
  Grum (D:8)
  A soldier ant (D:10)
  2 wolves
  8 wargs
  Duvessa (D:6)
  A black bear (D:9)
  An eye of draining (D:10)
  16 orc warriors
  2 necrophages
  3 phantoms
  A wasp (D:11)
  4 sky beasts
  4 ogres
  10 centaurs
  2 big kobolds
  4 giant frogs
  Dowan (D:6)
  3 wights (D:7)
  3 scorpions
  An electric eel (Orc:2)
  10 crimson imps
  2 quasits
  A centaur zombie (D:9)
  42 orc wizards
  2 giant frog skeletons (D:10)
  10 orc priests
  A centaur skeleton (D:10)
  2 jellies (D:11)
  3 hounds
  Terence (D:3)
  4 iguanas
  9 worker ants
  A hound zombie (D:10)
  2 worker ant zombies
  Robin (D:3)
  3 gnolls (D:4)
  17 adders
  2 shadow imps
  An adder zombie (D:8)
  4 worms
  2 giant geckos
  122 orcs
  21 bats
  2 bat skeletons
  5 giant cockroaches
  17 hobgoblins
  8 jackals
  5 quokkas
  7 giant newts
  25 goblins
  A jackal zombie (D:8)
  25 kobolds
  21 rats
480 creatures vanquished.

Notes
Turn   | Place    | Note
--------------------------------------------------------------
     0 | D:1      | Promi the Centaur Hunter began the quest for the Orb.
     0 | D:1      | Reached XP level 1. HP: 17/17 MP: 1/1
   363 | D:1      | Reached XP level 2. HP: 24/24 MP: 2/2
   433 | D:1      | Reached skill level 6 in Bows
  1126 | D:2      | Found a sacrificial altar of Ru.
  1260 | D:2      | Reached XP level 3. HP: 29/29 MP: 3/3
  1770 | D:3      | Reached skill level 7 in Bows
  1841 | D:3      | Noticed Robin
  1909 | D:3      | Reached XP level 4. HP: 28/36 MP: 4/4
  2080 | D:3      | Killed Robin
  2265 | D:3      | Found a white marble altar of Elyvilon.
  2265 | D:3      | Found a basalt altar of Yredelemnul.
  2357 | D:3      | Noticed Terence
  2434 | D:4      | Found a staircase to the Ecumenical Temple.
  2449 | Temple   | Entered the Ecumenical Temple
  2478 | Temple   | Became a worshipper of Warmaster Okawaru
  2533 | D:4      | Noticed an ogre
  2560 | D:4      | Killed an ogre
  2560 | D:4      | Reached skill level 8 in Bows
  2560 | D:4      | Reached XP level 5. HP: 39/41 MP: 5/5
  2614 | D:4      | Reached skill level 9 in Bows
  2693 | D:4      | Noticed an ogre
  2897 | D:3      | Found a radiant altar of Vehumet.
  2897 | D:3      | Found a deep blue altar of Sif Muna.
  2897 | D:3      | Found a burning altar of Makhleb.
  2897 | D:3      | Found a snail-covered altar of Cheibriados.
  2897 | D:3      | Found a glowing golden altar of the Shining One.
  2897 | D:3      | Found a shadowy altar of Dithmenos.
  2953 | D:3      | Killed Terence
  3458 | D:4      | Reached XP level 6. HP: 48/48 MP: 6/6
  3801 | D:4      | Found a bloodstained altar of Trog.
  3821 | D:4      | Killed an ogre
  3821 | D:4      | Acquired Okawaru's first power
  3821 | D:4      | Reached skill level 10 in Bows
  4052 | D:5      | Entered Level 5 of the Dungeon
  4201 | D:5      | Found a snail-covered altar of Cheibriados.
  4309 | D:5      | Reached XP level 7. HP: 34/55 MP: 5/7
  5130 | D:4      | Reached skill level 11 in Bows
  5160 | D:5      | Reached skill level 1 in Long Blades
  5610 | D:6      | Noticed Dowan
  5612 | D:6      | Noticed Duvessa
  5655 | D:7      | Found a deep blue altar of Sif Muna.
  6114 | D:7      | Reached XP level 8. HP: 55/62 MP: 6/8
  6410 | D:7      | Found a blossoming altar of Fedhas.
  6486 | D:7      | Reached skill level 12 in Bows
  7695 | D:8      | Noticed Grum
  7803 | D:8      | Noticed Maurice
  8289 | D:8      | Noticed Nattefrost's ghost (experienced CeGl)
  8360 | D:8      | Reached XP level 9. HP: 67/71 MP: 9/9
  8473 | D:8      | Killed Grum
  8485 | D:8      | Reached skill level 5 in Dodging
  9170 | D:9      | Noticed Psyche
  9175 | D:9      | Cast into the Abyss (Psyche)
  9209 | D:9      | Escaped the Abyss
  9515 | D:9      | Received a gift from Okawaru
  9879 | D:9      | Found a stormy altar of Qazlal.
  9948 | D:9      | Reached skill level 5 in Long Blades
 10115 | D:7      | Reached skill level 13 in Bows
 10245 | D:7      | Killed Maurice
 10626 | D:6      | Killed Duvessa
 10638 | D:6      | Killed Dowan
 10879 | D:6      | Reached XP level 10. HP: 80/80 MP: 10/10
 10992 | D:10     | Entered Level 10 of the Dungeon
 11418 | D:10     | Received a gift from Okawaru
 12070 | D:10     | Got a translucent whip
 12074 | D:10     | Identified the +8 whip of Dust {slash, Str+3 Int+3} (You found it on level 10 of the Dungeon)
 12112 | D:10     | Acquired Okawaru's second power
 12401 | D:11     | Noticed Maud
 12464 | D:11     | Received a gift from Okawaru
 12603 | D:11     | Killed Maud
 12603 | D:11     | Reached skill level 14 in Bows
 13231 | D:11     | Reached XP level 11. HP: 82/85 MP: 11/11
 13350 | D:11     | Received a gift from Okawaru
 13350 | D:11     | Reached skill level 5 in Fighting
 13351 | D:11     | Got a bone arbalest {god gift}
 13354 | D:11     | Identified the +1 arbalest of Invincibility {speed, rC+ rN+ MR- Int+2} (Okawaru gifted it to you on level 11 of the Dungeon)
 13395 | D:11     | Noticed a hill giant
 13426 | D:11     | Killed a hill giant
 14015 | D:12     | Noticed Josephine
 14093 | D:12     | Found a staircase to the Orcish Mines.
 14108 | Orc:1    | Entered Level 1 of the Orcish Mines
 15510 | Orc:2    | Received a gift from Okawaru
 16284 | Orc:2    | Reached skill level 10 in Long Blades
 16833 | Orc:2    | Received a gift from Okawaru
 16946 | Orc:3    | Found a staircase to the Elven Halls.
 17890 | Orc:2    | Received a gift from Okawaru
 18157 | Orc:2    | Noticed Urug
 18678 | Orc:3    | Found a roughly hewn altar of Beogh.
 18782 | Orc:3    | Noticed Donald
 19150 | Orc:1    | Found a roughly hewn altar of Beogh.
 19163 | Orc:1    | Noticed ikki's ghost (powerful MiBe)
 19272 | Orc:2    | Killed Urug
 19519 | D:12     | Found Coroenid's Antique Weapon Boutique.
 20214 | D:12     | Killed Josephine
 20240 | D:12     | Reached XP level 12. HP: 61/97 MP: 12/12
 20393 | D:12     | Noticed a hill giant
 20441 | D:12     | Killed a hill giant
 20857 | D:13     | Noticed a centaur warrior
 20904 | D:12     | Noticed Nessos
 20909 | D:12     | Shot with a poisoned arrow by Nessos

Vault maps used:
D:1:      scummos_arrival_gate, minmay_newt_pond
D:2:      lemuel_crystal_altar
D:3:      grunt_temple_overflow_open, gammafunk_temple_overflow_pools,
          first_bread, roderic_greek_sauvastika, uniq_robin, uniq_terence
D:4:      lemuel_doored_altar, minmay_temple_entry_trees, portal_sewer_entry_d,
          kennysheep_generic_room_11
D:5:      basic_altar, minmay_hedge_maze
D:6:      minmay_misc_feat_secret_circle, kennysheep_decorative_pillar,
          uniq_duvessa
D:7:      fedhas_bush_and_centaur_altar, basic_altar
D:8:      basic_loot_grate_trap, grunt_livestock, serial_bayou_lagoon_a,
          uniq_grum, uniq_maurice
D:9:      kennysheep_little_box, david_lair_generic, serial_ice, serial_ice_e,
          serial_ice_d, serial_ice_g, serial_ice_a, eino_jars, uniq_psyche
D:10:     serial_glass, glass_columns_b, glass_columns_b,
          kennysheep_generic_room_10
D:11:     minmay_rotating_lava, uniq_maud
D:12:     orc_0_dummy, serial_shops, nicolae_shop_trees, uniq_erolcha,
          uniq_josephine, uniq_nessos
D:13:     erik_vaults_1, lemuel_mausoleum_altar_yredelemnul
Temple:   nicolae_temple_great_sept
Orc:1:    basic_altar, nicolae_orc_sculptors_studio
Orc:2:    nooodl_orcs_dogs, uniq_urug
Orc:3:    nicolae_orc_pool_cavern, mines1_david, uniq_donald
Abyss:1:  evilmike_abyss_exit_mutagenic

Action                   |  1- 3 |  4- 6 |  7- 9 | 10-12 || total
-------------------------+-------+-------+-------+-------++-------
Melee: Short sword       |   188 |    98 |       |       ||   286
       Shortbow          |       |     2 |       |       ||     2
       Long sword        |       |   120 |   632 |     4 ||   756
       Great sword       |       |       |    34 |   727 ||   761
 Fire: Shortbow          |    27 |    61 |   154 |   250 ||   492
Invok: Heroism           |       |       |     2 |     5 ||     7
  Use: Potion            |       |     3 |     5 |     4 ||    12
       Scroll            |       |     7 |    19 |    10 ||    36
  Eat: Chunk             |     2 |     6 |    15 |    53 ||    76
       Bread ration      |       |       |     1 |     1 ||     2
       Pizza             |       |       |       |     1 ||     1
